 Dungeon Crawl Stone Soup version 0.30-a0-335-ge5acde7520 (webtiles) character file.

Game seed: 3195497317778686057

7269 Powertoast the Covert (level 11, -4/106 HPs)
             Began as a Naga Monk on Oct 30, 2022.
             Was the Champion of Cheibriados.
             Killed by divine providence
             ... invoked by a meliai
              (16 damage)
             ... on level 9 of the Dungeon.
             The game lasted 00:46:02 (7876 turns).

Powertoast the Covert (Naga Monk)                   Turns: 7876, Time: 00:46:02

Health: -4/106     AC: 17    Str: 28    XL:     11   Next: 12%
Magic:  17/17      EV: 16    Int: 28    God:    Cheibriados [******]
Gold:   495        SH:  0    Dex: 43    Spells: 6/18 levels left

rFire   . . .      SeeInvis +    N - +2 dagger (venom)
rCold   . . .      Faith    .    (no shield)
rNeg    + . .      Spirit   .    v - +2 ring mail {rN+}
rPois   +          Reflect  .    s - +0 helmet
rElec   .          Harm     .    (no cloak)
rCorr   .          Rampage  .    l - +0 pair of gloves
Will    ++...                    h - +3 barding of the Slightly Bent {Regen+ Dex+6}
Stlth   +++++.....               i - amulet of magic regeneration
HPRegen 1.17/turn                m - +6 ring of dexterity
MPRegen 0.55/turn                K - ring of willpower

@: very slow
A: AC +3, large, see invisible, deformed body, poison resistance, slowness 2,
spit poison 1, naga tail 1
a: Spit Poison, Renounce Religion, Bend Time, Temporal Distortion, Slouch, Step
From Time


You were on level 9 of the Dungeon.
You worshipped Cheibriados.
Cheibriados was exalted by your worship.
You visited 1 branch of the dungeon, and saw 9 of its levels.

You collected 495 gold pieces.

Inventory:

Hand Weapons
 a - a +0 short sword
 j - a +0 short sword of holy wrath
 B - a +1 dagger of flaming
 C - a +0 short sword of venom
 F - a +0 long sword
 G - a +0 shortbow
 J - a +4 dagger
 N - a +2 dagger of venom (weapon)
Missiles
 O - 16 poisoned darts
Armour
 h - the +3 barding of the Slightly Bent (worn) {Regen+ Dex+6}
   (You acquired it on level 4 of the Dungeon)

   Dex:       It affects your dexterity (+6).
   Regen:     It increases your rate of health regeneration.
 l - a +0 pair of gloves (worn)
 s - a +0 helmet (worn)
 v - a +2 ring mail of positive energy (worn)
Magical Staves
 o - a staff of death
 P - a staff of cold
Jewellery
 i - an amulet of magic regeneration (around neck)
 m - a +6 ring of dexterity (left hand)
 x - a ring of magical power
 K - a ring of willpower (right hand)
Wands
 e - a wand of quicksilver (7)
 p - a wand of polymorph (6)
 M - a wand of iceblast (11)
 R - a wand of flame (17)
Scrolls
 b - a scroll of enchant armour {unknown}
 d - 2 scrolls of fog
 k - a scroll of silence
 n - 3 scrolls of blinking
 u - a scroll of brand weapon
 w - 2 scrolls of teleportation
 y - 3 scrolls of vulnerability {unknown}
 z - 2 scrolls of enchant weapon {unknown}
 A - a scroll of magic mapping {unknown}
 E - a scroll of immolation {unknown}
 Q - a scroll of amnesia {unknown}
Potions
 c - a potion of magic
 f - a potion of curing
 g - a potion of invisibility
 q - 5 potions of brilliance
 r - 3 potions of cancellation
 t - 2 potions of mutation {unknown}
 D - 3 potions of haste {unknown}
 H - 2 potions of might {unknown}
 I - 3 potions of flight {unknown}
 L - a potion of ambrosia


   Skills:
 * Level 9.5 Fighting
 - Level 3.0(3.9) Short Blades
 + Level 3.9(4.4) Long Blades
 + Level 6.7 Dodging
 - Level 10.0 Stealth
 - Level 4.0 Spellcasting
 - Level 7.0 Translocations
 - Level 5.0 Invocations


You had 6 spell levels left.
You knew the following spells:

 Your Spells              Type           Power      Damage    Failure   Level
a - Blink                 Tloc           88%        N/A       1%          2
b - Lesser Beckoning      Tloc           88%        N/A       1%          3
c - Teleport Other        Tloc           44%        N/A       1%          3
d - Manifold Assault      Tloc           44%        N/A       6%          4

Your spell library contained the following spells:

 Spells                   Type           Power      Damage    Failure   Level
 Gell's Gravitas          Tloc           44%        N/A       1%          3
 Portal Projectile        Hex/Tloc       50%        N/A       8%          3
 Sting                    Tmut/Pois      20%        1d4       11%         1
 Ensorcelled Hibernation  Hex/Ice        10%        N/A       16%         2
 Poisonous Vapours        Pois/Air       10%        N/A       16%         2
 Call Canine Familiar     Summ           5%         N/A       32%         3
 Spider Form              Tmut/Pois      5%         N/A       32%         3
 Anguish                  Hex/Necr       2%         N/A       71%         4
 Leda's Liquefaction      Hex/Erth       2%         N/A       71%         4
 Olgreb's Toxic Radiance  Pois           5%         N/A       71%         4
 Storm Form               Tmut/Air       2%         N/A       100%        7


Dungeon Overview and Level Annotations

Branches:
Dungeon (9/15)             Temple (0/1) D:7             Orc (0/2) D:9
   Lair: D:8-11

Altars:
Cheibriados
Dithmenos
Elyvilon
Gozag
Kikubaaqudgha
Okawaru
Wu Jian
The Shining One

Shops:
D:7 =


Innate Abilities, Weirdness & Mutations

Your serpentine skin is tough. (AC +3)
You have supernaturally acute eyesight. (SInv)
Armour fits poorly on your strangely shaped body.
Your system is resistant to poisons. (rPois)
You cover ground very slowly.
You can spit poison.
You have a snake-like lower body.


Message History

The meliai hits you with a +0 war axe.
* * * LOW HITPOINT WARNING * * *
The meliai stings you.
* * * LOW HITPOINT WARNING * * *
The meliai hits you with a +0 war axe.
* * * LOW HITPOINT WARNING * * *
The meliai stings you but does no damage.
You feel better. The meliai hits you with a +0 war axe.
* * * LOW HITPOINT WARNING * * *
The meliai closely misses you. The meliai hits you with a +0 war axe.
* * * LOW HITPOINT WARNING * * *
The meliai misses you.
You feel better. The meliai hits you with a +0 war axe.
The meliai stings you but does no damage.
The meliai hits you but does no damage.
The meliai stings you but does no damage.
You feel better. The meliai hits you with a +0 war axe! The meliai misses you.
The meliai completely misses you. The meliai barely misses you.
You hit the meliai.
The meliai is poisoned.
Your punch misses the meliai.
The meliai is heavily wounded.
The meliai hits you with a +0 war axe!
* * * LOW HITPOINT WARNING * * *
The meliai stings you but does no damage.
You barely miss the meliai.
The meliai is severely wounded.
The meliai hits you with a +0 war axe.
* * * LOW HITPOINT WARNING * * *
The meliai barely misses you. The meliai hits you with a +0 war axe!
* * * LOW HITPOINT WARNING * * *
The meliai barely misses you.
You feel better. The meliai hits you but does no damage.
The meliai stings you but does no damage.
The meliai hits you but does no damage. The meliai stings you.
* * * LOW HITPOINT WARNING * * *
You feel better. The meliai hits you with a +0 war axe!
* * * LOW HITPOINT WARNING * * *
The meliai misses you.
The meliai mumbles some strange prayers to its god against you.
Something smites you!
You die...

########## #........#
#........# #######
#........### ...>...
#..........## ...>...
#........#..##..(.$..
#........##.@y.......
#....))..#####.......
#......).# ###+###
#######.## #.)#
#########.##
#..........###
#............#
#..).......#.#


You could see a meliai (very poisoned).

Vanquished Creatures
  A two-headed ogre (D:8)
  Pikel (D:9)
  A troll (D:9)
  2 meliai (D:9)
  Grinder (D:4)
  Prince Ribbit (D:9)
  Sigmund (D:4)
  A wyvern (D:8)
  5 yaks (D:9)
  Duvessa (D:4)
  2 water moccasins (D:8)
  4 orc warriors
  5 black bears
  2 sky beasts
  3 ogres
  3 centaurs
  A phantom (D:5)
  Blork the orc (D:4)
  A bullfrog (D:6)
  A necrophage (D:5)
  6 scorpions
  7 wights (D:7)
  Dowan (D:4)
  10 killer bees
  2 hounds
  2 orc priests
  A gnoll bouda (D:7)
  4 jellies
  An iron imp (D:4)
  Jessica (D:3)
  2 iguanas
  10 orc wizards
  14 gnolls
  5 adders
  A shadow imp (D:6)
  2 worms (D:2)
  A dart slug (D:3)
  37 orcs
  7 ball pythons
  3 bats (D:1)
  2 endoplasms
  A giant cockroach (D:1)
  13 goblins
  11 hobgoblins
  12 jackals
  2 quokkas
  2 frilled lizards (D:2)
  17 kobolds
  8 rats
223 creatures vanquished.

Notes
Turn   | Place    | Note
-------+----------+-------------------------------------------
     0 | D:1      | Powertoast the Naga Monk began the quest for the Orb.
     0 | D:1      | Reached XP level 1. HP: 21/21 MP: 1/1
   142 | D:1      | Reached XP level 2. HP: 21/28 MP: 2/2
   455 | D:1      | Reached skill level 4 in Stealth
  1053 | D:2      | Reached XP level 3. HP: 22/34 MP: 3/3
  1389 | D:2      | Reached skill level 5 in Stealth
  1410 | D:2      | Reached XP level 4. HP: 32/44 MP: 4/4
  1537 | D:2      | Found a faded altar of an unknown god.
  1879 | D:3      | Learned a level 2 spell: Blink
  2116 | D:3      | Noticed Jessica
  2118 | D:3      | Killed Jessica
  2119 | D:3      | Reached skill level 1 in Translocations
  2119 | D:3      | Reached XP level 5. HP: 50/50 MP: 5/5
  2289 | D:4      | Noticed Blork the orc
  2347 | D:4      | Killed Blork the orc
  2461 | D:4      | Identified a scroll of acquirement
  2462 | D:4      | Acquired the +3 barding of the Slightly Bent {Regen+ Dex+6}
  2499 | D:4      | Found a snail-covered altar of Cheibriados.
  2506 | D:4      | Reached skill level 5 in Fighting
  2506 | D:4      | Reached XP level 6. HP: 61/61 MP: 6/6
  2510 | D:4      | Became a worshipper of Cheibriados the Contemplative
  2510 | D:4      | Reached * piety under Cheibriados
  2510 | D:4      | Reached ** piety under Cheibriados
  2569 | D:4      | Noticed Sigmund
  2621 | D:4      | Noticed Duvessa
  2722 | D:4      | Noticed Grinder
  2962 | D:5      | Entered Level 5 of the Dungeon
  2982 | D:5      | Reached skill level 1 in Spellcasting
  3112 | D:5      | Noticed a black bear
  3131 | D:5      | Reached skill level 6 in Stealth
  3257 | D:5      | Reached XP level 7. HP: 66/67 MP: 9/9
  3349 | D:5      | Reached *** piety under Cheibriados
  3400 | D:5      | Reached skill level 7 in Stealth
  3546 | D:5      | Reached **** piety under Cheibriados
  4050 | D:5      | Reached XP level 8. HP: 76/76 MP: 11/11
  4069 | D:5      | Learned a level 3 spell: Lesser Beckoning
  4073 | D:5      | Learned a level 3 spell: Teleport Other
  4374 | D:5      | Reached ***** piety under Cheibriados
  4404 | D:6      | Reached skill level 8 in Stealth
  4650 | D:5      | Reached skill level 5 in Translocations
  4650 | D:5      | Reached skill level 1 in Invocations
  4687 | D:5      | Found an ancient bone altar of Kikubaaqudgha.
  4692 | D:5      | Found a white marble altar of Elyvilon.
  4697 | D:5      | Found a glowing golden altar of the Shining One.
  4700 | D:5      | Found an iron altar of Okawaru.
  4702 | D:5      | Found an ornate altar of the Wu Jian Council.
  4707 | D:5      | Found a shadowy altar of Dithmenos.
  5072 | D:6      | Reached XP level 9. HP: 81/82 MP: 13/13
  5100 | D:6      | Reached skill level 5 in Dodging
  5529 | D:7      | Found Ysmoud's Jewellery Emporium.
  5632 | D:7      | Reached skill level 5 in Invocations
  5637 | D:7      | Learned a level 4 spell: Manifold Assault
  5790 | D:7      | Found a staircase to the Ecumenical Temple.
  6206 | D:4      | Noticed Dowan
  6212 | D:4      | Killed Duvessa
  6221 | D:4      | Killed Dowan
  6227 | D:4      | You fall into a shaft and drop 2 floors!
  6282 | D:4      | Reached skill level 9 in Stealth
  6365 | D:4      | Killed Sigmund
  6482 | D:4      | Killed Grinder
  6483 | D:4      | Reached XP level 10. HP: 92/92 MP: 14/14
  6596 | D:8      | Noticed a two-headed ogre
  6610 | D:8      | Killed a two-headed ogre
  6611 | D:8      | Reached skill level 10 in Stealth
  7263 | D:8      | Found an opulent altar of Gozag.
  7425 | D:8      | Reached skill level 1 in Long Blades
  7519 | D:9      | Noticed Prince Ribbit
  7519 | D:9      | Noticed Pikel
  7537 | D:9      | Killed Pikel
  7547 | D:9      | Killed Prince Ribbit
  7547 | D:9      | Reached ****** piety under Cheibriados
  7724 | D:9      | Reached XP level 11. HP: 69/106 MP: 17/17
  7798 | D:9      | Found a staircase to the Orcish Mines.
  7874 | D:9      | HP: 3/106 [meliai/+0 war axe (13)]
  7876 | D:9      | Killed from afar by a meliai

Illustrated notes

Levels and vault maps discovered:
D:1:      kilobyte_arrival_exit_the_forest, layout_basic
D:2:      layout_basic, basic_ecumenical_altar, nicolae_figureground_pulse
D:3:      layout_basic, uniq_jessica
D:4:      layout_loops_cross, slow_altar_2, uniq_sigmund, uniq_grinder,
          uniq_blork_the_orc, uniq_duvessa
D:5:      corexii_shantytown, layout_basic,
          nicolae_overflow_hallway_of_the_gods, serial_rivers,
          chequers_serial_rivers_micro_e, chequers_serial_rivers_large_b,
          chequers_serial_rivers_small_a, chequers_serial_rivers_micro_b,
          chequers_serial_rivers_micro_d, minmay_a_box_with_orc_wizards_in_it
D:6:      layout_cave_pools, serial_co_window_serial, co_window_corner_a,
          co_window_cross_1, co_window_of_opportunity_a, co_window_paths_a,
          co_window_corner_a, co_window_broadway_a, co_window_corner_b,
          co_window_unsneaky_path_e, co_window_paths_e, glass_columns_a,
          glass_columns_c, minmay_misc_feat_x
D:7:      layout_gridville, minmay_temple_entry_statues_pillars, serial_shops,
          nicolae_shop_crystal, enter_bailey_6
D:8:      layout_loops_ring, nicolae_overflow_hidden_temple
D:9:      layout_roguey, orc_0_dummy, uniq_prince_ribbit1, uniq_pikel

Skill      XL: |  1  2  3  4  5  6  7  8  9 10 |
---------------+-------------------------------+-----
Stealth        | 4 5 6 7 8 9 10 | 10.0
Fighting       | 4 5 6 9 |  9.5
Translocations | 1 2 3 5 6 7 |  7.0
Spellcasting   | 1 2 3 4 |  4.0
Dodging        | 3 4 6 |  6.7
Invocations    | 3 5 |  5.0
Long Blades    | 3 |  3.9
Short Blades   | |  3.0

Action                   |  1- 3 |  4- 6 |  7- 9 | 10-12 || total
-------------------------+-------+-------+-------+-------++-------
Melee: Short sword       |    56 |    89 |   260 |     1 ||   406
       Punch             |     1 |     2 |     3 |     3 ||     9
       Dagger            |       |       |    49 |   191 ||   240
       Long sword        |       |       |       |     6 ||     6
 Fire: Shortbow          |       |       |     5 |       ||     5
 Cast: Manifold Assault  |       |       |       |     2 ||     2
Invok: Slouch            |       |       |       |     1 ||     1
 Abil: Spit Poison       |    40 |    23 |    37 |    20 ||   120
  Use: Potion            |     2 |       |     1 |     6 ||     9
       Scroll            |     1 |     8 |     4 |       ||    13
 Stab: Sleeping          |       |    10 |    29 |     3 ||    42
       Confused          |       |       |     1 |       ||     1
       Invisible         |       |       |     1 |       ||     1
       Distracted        |       |       |       |     1 ||     1
Armor: Robe              |    10 |    14 |       |       ||    24
       Ring mail         |       |    34 |   172 |   151 ||   357
Dodge: Dodged            |    46 |    43 |   192 |   314 ||   595

Table legend: (Time is in decaauts)
 A = Elapsed time spent in this place.
 B = Non-inter-level travel time spent in this place.
 C = Inter-level travel time spent in this place.
 D = Time resting spent in this place.
 E = Time spent auto-exploring this place.
 F = Levels seen in this place.
 G = Mean time per level.
                   A        B        C        D        E       F      G
               +--------+--------+--------+--------+--------+-----+--------+
         Total |  14829 |  13481 |   1348 |    195 |  10823 |   9 | 1647.7 |
       Dungeon |  14829 |  13481 |   1348 |    195 |  10823 |   9 | 1647.7 |
               +--------+--------+--------+--------+--------+-----+--------+

Top non-repeatable levels by time:
     D:5: 3302 daAuts
     D:8: 2216 daAuts
     D:4: 2087 daAuts
     D:6: 1909 daAuts
     D:7: 1765 daAuts
     D:1: 1215 daAuts
     D:2: 1112 daAuts
     D:3: 632 daAuts
     D:9: 586 daAuts
